 Dungeon Crawl Stone Soup version 0.26-a0-858-gbf766624f9 (webtiles) character file.

Game seed: 7836873358412122920

509356 marklar909 the Halfling Catapult (level 26, -4/156 HPs)
             Began as a Halfling Hunter on Nov 24, 2020.
             Was the Champion of Okawaru.
             Killed from afar by a starcursed mass (9 damage)
             ... with an accursed screaming
             ... on level 1 of the Abyss.
             The game lasted 02:00:18 (70994 turns).

marklar909 the Halfling Catapult (Halfling Hunter) Turns: 70994, Time: 02:00:18

Health: -4/156     AC: 36    Str: 24    XL:     26   Next: 78%
Magic:  27/35      EV: 18    Int:  4    God:    Okawaru [******]
Gold:   2966       SH: 17    Dex: 22    Spells: 25/25 levels left

rFire    + + .     SeeInvis +   q - +8 fustibalus (vorpal)
rCold    + + +     Faith    .   H - +0 kite shield {reflect}
rNeg     + . .     Spirit   .   t - +2 gold dragon scales
rPois    +         Reflect  +   X - +1 helmet "Ymoxof Nadgh" {rC+}
rElec    +         Harm     .   L - scarf {rC+ rF+}
rCorr    .         Rampage  .   B - +2 pair of gloves {archery}
MR       ++...                  d - +1 pair of boots {run}
Stlth    ..........             Q - amulet of Knowledge {Acrobat Str+3 Int-3 SInv}
HPRegen  0.36/turn              K - ring of the Saviour {rElec rN+ AC+4}
MPRegen  0.24/turn              b - ring of Voitt {MR+ Str+3 Int+2}

@: quick
A: small, [dopey 2], [frail 2], mutation resistance 1, [subdued magic 1]
}: 2/15 runes: decaying, serpentine
a: Heroism, Finesse, Renounce Religion


You were on level 1 of the Abyss.
You worshipped Okawaru.
Okawaru was exalted by your worship.
You visited 9 branches of the dungeon, and saw 44 of its levels.
You visited the Abyss 1 time.
You also visited: Ossuary and Ice Cave.

You collected 6219 gold pieces.
You spent 3253 gold pieces at shops.

Inventory:

Hand Weapons
 q - a +8 vorpal fustibalus (weapon)
Missiles
 z - 557 sling bullets (quivered)
Armour
 d - a +1 pair of boots of running (worn)
 t - +2 gold dragon scales (worn)
 B - a +2 pair of gloves of archery (worn)
 H - a +0 kite shield of reflection (worn)
 L - a scarf of resistance (worn)
 X - the +1 helmet "Ymoxof Nadgh" (worn) {rC+}
   (You found it on level 3 of the Elven Halls)

   It protects you from cold.
Jewellery
 b - the ring of Voitt (right hand) {MR+ Str+3 Int+2}
   (You acquired it on level 2 of the Snake Pit)

   [ring of protection from magic]

   It affects your strength (+3).
   It affects your intelligence (+2).
   It affects your resistance to hostile enchantments.
 K - the ring of the Saviour (left hand) {rElec rN+ AC+4}
   (You took it off a deep elf sorcerer on level 3 of the Elven Halls)

   [ring of protection]

   It affects your AC (+4).
   It insulates you from electricity.
   It protects you from negative energy.
 Q - the amulet of Knowledge (around neck) {Acrobat Str+3 Int-3 SInv}
   (You took it off a deep elf mage on level 3 of the Elven Halls)

   [amulet of the acrobat]

   It helps you evade while moving and waiting.
   It affects your strength (+3).
   It affects your intelligence (-3).
   It lets you see invisible.
Wands
 N - a wand of iceblast (20)
 R - a wand of acid (28)
 S - a wand of digging (31)
Scrolls
 a - 3 scrolls of blinking
 e - 26 scrolls of identify
 f - 8 scrolls of amnesia
 h - 2 scrolls of immolation
 j - 16 scrolls of teleportation
 m - 25 scrolls of remove curse
 s - 2 scrolls of summoning
 y - 6 scrolls of fear
 F - 6 scrolls of magic mapping
 M - 2 scrolls of fog
 T - 2 scrolls of brand weapon
Potions
 c - 2 potions of magic
 g - 9 potions of curing
 i - 6 potions of brilliance
 k - a potion of cancellation
 l - 3 potions of invisibility
 p - 5 potions of mutation
 r - 3 potions of might
 v - 4 potions of ambrosia
 w - 3 potions of resistance
 x - 3 potions of heal wounds
 A - a potion of berserk rage
 C - 7 potions of lignification
 D - 7 potions of haste
 J - 7 potions of flight
Miscellaneous
 o - a condenser vane (inert)
 W - a lightning rod (inert)


   Skills:
 + Level 19.8 Fighting
 O Level 27 Slings
 * Level 17.3 Armour
 * Level 15.7 Dodging
 + Level 3.9 Stealth
 * Level 18.4 Shields
 + Level 17.0 Invocations
 * Level 6.4 Evocations


You had 25 spell levels left.
You didn't know any spells.
Your spell library contained the following spells:

 Spells                   Type           Power        Failure   Level
 Animate Skeleton         Necr           #.....       100%        1
 Apportation              Tloc           #.....       100%        1
 Beastly Appendage        Tmut           #.....       100%        1
 Foxfire                  Conj/Fire      #...         100%        1
 Freeze                   Ice            #...         100%        1
 Magic Dart               Conj           #...         100%        1
 Pain                     Necr           #...         100%        1
 Shock                    Conj/Air       #...         100%        1
 Blink                    Tloc           N/A          100%        2
 Call Imp                 Summ           #.......     100%        2
 Corpse Rot               Necr/Air       N/A          100%        2
 Passwall                 Tmut/Erth      #.......     100%        2
 Searing Ray              Conj           #.....       100%        2
 Slow                     Hex            #.......     100%        2
 Sublimation of Blood     Necr           #.........   100%        2
 Swiftness                Air            #.......     100%        2
 Wereblood                Tmut           #.......     100%        2
 Confusing Touch          Hex            #.......     100%        3
 Conjure Flame            Conj/Fire      #.......     100%        3
 Dazzling Flash           Conj/Hex       #.....       100%        3
 Frozen Ramparts          Ice            #.....       100%        3
 Gell's Gravitas          Tloc           #.........   100%        3
 Ignite Poison            Fire/Tmut/Pois #.......     100%        3
 Inner Flame              Hex/Fire       #.......     100%        3
 Lesser Beckoning         Tloc           #.........   100%        3
 Mephitic Cloud           Conj/Pois/Air  #.......     100%        3
 Ozocubu's Armour         Ice            #.......     100%        3
 Spider Form              Tmut/Pois      #.........   100%        3
 Stone Arrow              Conj/Erth      #.....       100%        3
 Tukima's Dance           Hex            #.......     100%        3
 Vampiric Draining        Necr           #.........   100%        3
 Animate Dead             Necr           #.........   100%        4
 Dispel Undead            Necr           #.......     100%        4
 Fulminant Prism          Conj/Hex       #.........   100%        4
 Hailstorm                Conj/Ice       #.......     100%        4
 Ice Form                 Ice/Tmut       #.......     100%        4
 Iskenderun's Mystic Bla  Conj/Tloc      #.......     100%        4
 Leda's Liquefaction      Hex/Erth       #.........   100%        4
 Passage of Golubria      Tloc           N/A          100%        4
 Petrify                  Tmut/Erth      #.......     100%        4
 Summon Ice Beast         Ice/Summ       #.......     100%        4
 Summon Lightning Spire   Summ/Air       #.......     100%        4
 Agony                    Necr           #.......     100%        5
 Alistair's Intoxication  Tmut/Pois      #........    100%        5
 Blade Hands              Tmut           #.........   100%        5
 Bolt of Magma            Conj/Fire/Erth #.........   100%        5
 Excruciating Wounds      Necr           #.........   100%        5
 Irradiate                Conj/Tmut      #.........   100%        5
 Lee's Rapid Deconstruct  Erth           #.........   100%        5
 Metabolic Englaciation   Hex/Ice        #.........   100%        5
 Silence                  Hex/Air        #.........   100%        5
 Yara's Violent Unravell  Hex/Tmut       #.........   100%        5
 Conjure Ball Lightning   Conj/Air       #.........   100%        6
 Eringya's Noxious Bog    Tmut/Pois      #.........   100%        6
 Hydra Form               Tmut           #.........   100%        6
 Invisibility             Hex            #.......     100%        6
 Iron Shot                Conj/Erth      #.........   100%        6
 Statue Form              Tmut/Erth      #........    100%        6
 Dragon Form              Tmut           #.........   100%        7
 Malign Gateway           Summ/Tloc      #.........   100%        7
 Monstrous Menagerie      Summ           #.........   100%        7
 Summon Greater Demon     Summ           #.........   100%        7
 Summon Horrible Things   Summ           #.........   100%        8
 Shatter                  Erth           #.........   100%        9
 Tornado                  Air            #.........   100%        9


Dungeon Overview and Level Annotations

Branches:
Dungeon (15/15)            Temple (1/1) D:4            Lair (6/6) D:9
  Swamp (4/4) Lair:2        Snake (4/4) Lair:3        Slime (0/5) Lair:6
    Orc (2/2) D:9             Elf (3/3) Orc:2        Vaults (4/5) D:13
  Crypt (0/3) Vaults:3     Depths (5/5) D:15            Zot (0/5) Depths:5
Ossuary (visited)           IceCv (visited)

Altars:
Ashenzari
Cheibriados
Dithmenos
Elyvilon
Fedhas
Gozag
Hepliaklqana
Kikubaaqudgha
Makhleb
Nemelex Xobeh
Okawaru
Qazlal
Ru
Sif Muna
Trog
Uskayaw
Vehumet
Wu Jian
Xom
Yredelemnul
Zin
The Shining One
Beogh
Lugonu

Shops:
D:8 =   D:9 (   D:12 :   D:15 [   Orc:1 [   Orc:2 }?(*   Elf:1 :[:
Snake:1 }==

Portals:
Hell: Depths:1 Depths:2 Depths:3 Depths:4 Depths:5
Abyss: Depths:4 Depths:5
Pandemonium: Depths:3 Depths:5
Ziggurat: Depths:1

Annotations:
D:2 Sigmund
D:4 1 runed translucent door, mhtbhm's ghost, amateur GrFi
Lair:5 2 transporters, Thalamas's ghost, journeyman MiBe
Vaults:3 2 transporters
Depths:2 2 transporters


Innate Abilities, Weirdness & Mutations

You are small and have problems with some larger weapons.
You are somewhat resistant to further mutation.
[You are very dopey. (Int -4)]
[You are very frail. (-20% HP)]
[Your spells are a little easier to cast, but a little less powerful.]


Message History

As you read the scroll of blinking, it crumbles to dust.
You feel sick.
A cacophony of accursed wailing tears at your sanity!
* * * LOW HITPOINT WARNING * * *
You shrug off the repeated paralysis!
The starcursed mass barely misses you.
A spatial vortex comes into view.
Unknown command.
Unknown command.
You feel better.
The lich gestures at you while chanting.
The bolt of lightning hits the spatial maelstrom!
The spatial maelstrom resists.
The bolt of lightning hits you. You resist.
* * * LOW HITPOINT WARNING * * *
The spatial maelstrom hits you.
* * * LOW HITPOINT WARNING * * *
Space bends around you.
* * * LOW HITPOINT WARNING * * *
You block the spatial maelstrom's attack.
A cacophony of accursed wailing tears at your sanity!
You die...

# #( ( # # ( ##
# # ## # #. .#
#### # . #.
...# # .
..####.# #### .
# # . #@# #.'.
. ## #.##X.vv.#
### ##
##hXXv5.# # ##
#..XLX#.# #.
#.v(.XXX4v3..5#
#
###..#.(#5##85#
##...##... #
..... #.8
##...# .#.#


You could see 8 starcursed masses, a lich (fast), a spatial maelstrom, 3 spatial
vortices, a raiju, a ynoxinul, a red devil and 2 ufetubi.

Vanquished Creatures
  A juggernaut (Depths:3)
  Boris (Depths:4)
  Xtahua (Depths:4)
  Vashnia (Snake:2)
  4 caustic shrikes (Depths:5)
  5 liches
  A tentacled monstrosity (Depths:5)
  Jorgrun (Swamp:3)
  Asterion (D:15)
  A deep elf master archer (Elf:3)
  2 titans
  3 deep elf blademasters
  An acid blob (Depths:4)
  An Executioner (Abyss:1)
  A tentacled starspawn (Abyss:1)
  4 sphinxes
  2 thorn hunters
  A tengu reaver (Depths:5)
  10 nagarajas
  2 shadow dragons
  6 storm dragons
  2 azure jellies (Depths:4)
  Roxanne (D:14)
  7 deep elf sorcerers
  9 frost giants
  2 draconian knights (Depths:5)
  5 fire giants
  8 vault wardens
  A cacodemon (Abyss:1)
  An orc warlord (Vaults:4)
  7 deep elf elementalists (Elf:3)
  34 very ugly things
  13 stone giants
  12 ironheart preservers
  4 green draconians
  2 vampire knights
  4 deep elf demonologists (Elf:3)
  An entropy weaver (Vaults:4)
  19 starcursed masses (Abyss:1)
  A lorocyproca (Abyss:1)
  14 deep elf annihilators
  Azrael (D:13)
  2 purple draconians (Depths:5)
  2 black draconians (Depths:4)
  A yellow draconian (Depths:5)
  5 bunyips
  A red draconian (Depths:5)
  9 ettins
  4 spark wasps (Depths:5)
  2 eleionomae
  Snorg (D:11)
  3 green deaths
  7 deep elf death magi
  An ettin (shapeshifter) (Vaults:1)
  12 fire dragons
  4 shambling mangroves
  2 jiangshi (Abyss:1)
  A merfolk impaler (Depths:4)
  Josephine (Lair:4)
  7 great orbs of eyes
  5 deep elf high priests (Elf:3)
  10 yaktaur captains
  4 rakshasas
  Harold (D:11)
  9 ice dragons
  14 vault guards
  12 naga warriors
  A ghost crab (Swamp:1)
  3 spriggan air magi
  7 boulder beetles
  23 hydras
  29 two-headed ogres
  6 catoblepae (Lair:6)
  6 centaur warriors
  2 death knights
  3 merfolk avatars (Depths:4)
  2 merfolk aquamancers (Depths:4)
  12 anacondas
  26 dancing weapons
  A vampire mage (Abyss:1)
  9 ogre magi
  5 alligators
  6 death yaks (Lair:6)
  4 deep troll shamans
  6 deep troll earth magi
  3 tengu warriors (Depths:3)
  15 naga sharpshooters
  2 thrashing horrors (Abyss:1)
  2 spriggan berserkers
  4 orc high priests
  20 deep elf knights
  6 shock serpents
  6 hell knights
  Sonja (Lair:5)
  A titan skeleton (Depths:1)
  3 skeletal warriors
  3 salamander mystics
  A fire crab (shapeshifter) (D:13)
  A soul eater (Depths:4)
  2 wretched stars (Abyss:1)
  2 sixfirhies (Abyss:1)
  A shadow wraith (Abyss:1)
  4 goliath frogs
  10 swamp dragons
  A spriggan druid (Swamp:2)
  A deep troll (shapeshifter) (D:15)
  23 deep trolls
  11 sea snakes
  A glowing orange brain (Depths:3)
  4 iron trolls
  10 large abominations (Abyss:1)
  A swamp dragon (shapeshifter) (Depths:3)
  4 unseen horrors
  5 naga ritualists
  4 wizards
  A phantasmal warrior (Vaults:1)
  4 flayed ghosts
  11 ironbrand convokers
  8 bog bodies
  13 orc knights
  3 harpies (Vaults:2)
  23 deep elf archers
  6 necromancers
  11 mana vipers
  3 will-o-the-wisps
  76 deep elf magi
  An oklob plant (Lair:6)
  6 cyclopes
  9 salamanders
  8 orc sorcerers
  45 ugly things
  A wolf spider (Vaults:4)
  9 guardian serpents
  2 worldbinders (Abyss:1)
  3 manticores
  A frost giant skeleton (Depths:3)
  38 black mambas
  Maurice (D:11)
  9 elephants (Lair:4)
  A guardian serpent (shapeshifter) (Depths:1)
  4 rust devils
  2 ice statues (IceCv)
  A smoke demon (Abyss:1)
  8 naga magi
  A gargoyle (D:15)
  7 vault sentinels
  A hellion (Abyss:1)
  5 orange demons (Abyss:1)
  50 yaktaurs
  10 cane toads
  8 rime drakes
  2 spriggan skeletons (Depths:1)
  A demonic crawler (Abyss:1)
  2 ice devils
  16 komodo dragons
  A tengu conjurer (Depths:4)
  9 freezing wraiths
  3 ancient zymes (Abyss:1)
  9 trolls
  A merfolk (shapeshifter) (Depths:1)
  3 polar bears
  A hydra zombie (Abyss:1)
  2 bloated husks
  9 raiju (Abyss:1)
  19 hornets
  6 tyrant leeches
  A wolf spider simulacrum (D:15)
  2 raiju (shapeshifter)
  A hornet (shapeshifter) (Elf:2)
  20 blink frogs
  2 frost giant simulacra
  An ettin zombie (Depths:3)
  2 stone giant simulacra
  10 slime creatures
  2 ettin skeletons
  A redback (Depths:4)
  3 air elementals
  14 spriggans
  A spriggan (shapeshifter) (Vaults:3)
  A vampire (D:11)
  A tarantella (shapeshifter) (Vaults:4)
  4 wyverns
  7 water elementals
  6 fire bats (Abyss:1)
  A hog (shapeshifter) (Depths:3)
  6 basilisks
  7 fire elementals
  4 ynoxinuls (Abyss:1)
  41 yaks
  A neqoxec (Abyss:1)
  9 humans (D:13)
  5 vampire mosquitoes
  A steam dragon (D:8)
  7 wraiths
  A chaos spawn (Abyss:1)
  12 swamp worms
  55 nagas
  9 wargs
  4 acid dragons
  A soldier ant (D:10)
  29 water moccasins
  A floating eye (Depths:3)
  A water moccasin (shapeshifter) (Elf:3)
  4 hell hounds
  35 orc warriors
  2 phantoms
  6 swamp drakes (Swamp:4)
  A black bear (shapeshifter) (Depths:3)
  2 necrophages
  An ettin simulacrum (Vaults:3)
  16 ice beasts
  2 eyes of draining
  4 sky beasts
  3 black bears
  2 eyes of draining (shapeshifter)
  25 wolves
  4 boggarts
  A snapping turtle skeleton (Abyss:1)
  23 ogres
  11 centaurs
  4 big kobolds
  3 elf zombies
  5 earth elementals
  12 small abominations (Abyss:1)
  20 bullfrogs
  2 wyvern zombies (D:12)
  7 scorpions
  3 killer bees
  2 human simulacra
  37 wights
  3 electric eels
  A crimson imp (Abyss:1)
  2 bullfrog zombies
  4 centaur zombies
  6 hounds
  4 quasits
  5 jellies
  3 centaur skeletons
  26 orc priests
  A bullfrog skeleton (D:11)
  27 orc wizards
  3 iguanas
  17 worker ants
  2 big kobold zombies (Ossuary)
  An ogre zombie (Abyss:1)
  4 hound zombies
  2 hound skeletons
  A worker ant zombie (D:5)
  4 mummies (Ossuary)
  A howler monkey skeleton (D:11)
  8 gnolls
  33 adders
  A shadow imp (D:8)
  3 white imps
  3 ufetubi
  4 oozes
  4 adder zombies
  2 worms (D:3)
  3 dart slugs
  7 leopard geckos
  99 orcs
  10 giant cockroaches
  12 goblins
  4 hobgoblins
  3 jackals (D:4)
  24 kobolds
  5 quokkas
  6 ball pythons
  10 bats
  8 frilled lizards
  2 jackal skeletons (D:4)
  2 kobold zombies (Ossuary)
  A leopard gecko skeleton (D:4)
  A quokka skeleton (D:4)
  A quokka zombie (D:7)
  7 rats
  A rat zombie (Ossuary)
  2 crawling corpses (Elf:3)
  A lurking horror (Abyss:1)
1990 creatures vanquished.

Vanquished Creatures (others)
  A black draconian (Depths:5)
  A deep elf knight (Vaults:4)
  A necromancer (Depths:3)
  A cane toad (Lair:4)
  A frost giant simulacrum (Depths:1)
  A neqoxec (Abyss:1)
  A naga (Snake:4)
  An orc warrior (Orc:2)
  A boggart (Vaults:3)
  2 killer bees (D:8)
  An orc (Vaults:3)
  6 foxfires (Swamp:2)
  78 fungi
  75 plants
  2 starspawn tentacles (Abyss:1)
173 creatures vanquished.

Grand Total: 2163 creatures vanquished

Notes
Turn   | Place    | Note
-------+----------+-------------------------------------------
     0 | D:1      | marklar909 the Halfling Hunter began the quest for the Orb.
     0 | D:1      | Reached XP level 1. HP: 14/14 MP: 1/1
    11 | D:1      | Reached skill level 6 in Slings
    43 | D:1      | Reached XP level 2. HP: 19/19 MP: 2/2
   141 | D:1      | Reached XP level 3. HP: 24/24 MP: 3/3
   388 | D:2      | Reached skill level 7 in Slings
   497 | D:2      | Reached XP level 4. HP: 29/29 MP: 4/4
   753 | D:2      | Reached skill level 8 in Slings
   753 | D:2      | Reached skill level 1 in Armour
   753 | D:2      | Reached XP level 5. HP: 35/35 MP: 5/5
  1102 | D:2      | Noticed Sigmund
  2128 | D:4      | Noticed a bullfrog
  2137 | D:3      | Killed a bullfrog
  2138 | D:3      | Reached skill level 9 in Slings
  2138 | D:3      | Reached XP level 6. HP: 36/41 MP: 6/6
  2686 | D:4      | Reached XP level 7. HP: 46/46 MP: 7/7
  2930 | D:4      | Found a staircase to the Ecumenical Temple.
  3014 | D:4      | Noticed mhtbhm's ghost (amateur GrFi)
  3047 | Temple   | Entered the Ecumenical Temple
  3367 | D:4      | Reached skill level 10 in Slings
  3575 | D:4      | Found a runed translucent door.
  3925 | D:5      | Entered Level 5 of the Dungeon
  4042 | D:5      | Found a hide-covered altar of Uskayaw.
  4102 | D:5      | Reached XP level 8. HP: 40/52 MP: 8/8
  4150 | D:5      | Found a sand-covered staircase.
  4155 | Ossuary  | Entered an ossuary
  4190 | Ossuary  | Reached skill level 11 in Slings
  5714 | D:6      | Reached XP level 9. HP: 31/58 MP: 9/9
  6038 | D:6      | Reached skill level 12 in Slings
  6137 | D:6      | Reached skill level 5 in Armour
  6308 | D:6      | Reached skill level 5 in Dodging
  6365 | D:6      | Found a glowing golden altar of the Shining One.
  6419 | D:6      | Found a stormy altar of Qazlal.
  6455 | D:6      | Found a blossoming altar of Fedhas.
  6527 | D:6      | Reached skill level 5 in Fighting
  6565 | D:6      | Found a sacrificial altar of Ru.
  7081 | D:7      | Reached skill level 13 in Slings
  7261 | D:7      | Found a shadowy altar of Dithmenos.
  7319 | D:7      | Reached XP level 10. HP: 66/66 MP: 5/10
  7528 | D:7      | Noticed a cyclops
  7570 | D:7      | Found a broken altar of Ashenzari.
  7922 | D:8      | Found a hazy altar of Hepliaklqana.
  8148 | D:8      | Found an iron altar of Okawaru.
  8242 | D:8      | Became a worshipper of Warmaster Okawaru
  8284 | D:8      | Found a white marble altar of Elyvilon.
  8459 | D:8      | Found Reuxt's Jewellery Shop.
  8462 | D:8      | Found a radiant altar of Vehumet.
  8795 | D:8      | Found an opulent altar of Gozag.
  8796 | D:8      | Found a glowing silver altar of Zin.
  8983 | D:8      | Found a basalt altar of Yredelemnul.
  9062 | D:9      | Found a staircase to the Lair.
  9174 | D:9      | Reached * piety under Okawaru
  9194 | D:9      | Reached skill level 1 in Shields
  9197 | D:9      | Reached skill level 14 in Slings
  9254 | D:9      | Found Utsah's Weapon Shop.
  9263 | D:9      | Bought a +3 vorpal hunting sling for 307 gold pieces
  9555 | D:9      | Reached ** piety under Okawaru
  9628 | D:9      | Reached XP level 11. HP: 47/75 MP: 7/11
  9853 | D:9      | Found a roughly hewn altar of Beogh.
  9856 | D:9      | Found a staircase to the Orcish Mines.
 10190 | D:9      | Found a bloodstained altar of Trog.
 10192 | D:9      | Found an ancient bone altar of Kikubaaqudgha.
 10222 | D:10     | Entered Level 10 of the Dungeon
 10555 | D:10     | Reached skill level 1 in Invocations
 11518 | D:11     | Noticed Snorg
 11590 | D:11     | Noticed Harold
 11615 | D:11     | Killed Harold
 11644 | D:11     | Noticed a four-headed hydra
 12208 | D:7      | Reached *** piety under Okawaru
 12787 | D:7      | Killed a cyclops
 13034 | D:11     | Found a hide-covered altar of Uskayaw.
 13383 | D:11     | Killed Snorg
 13546 | D:11     | Killed a four-headed hydra
 13546 | D:11     | Reached **** piety under Okawaru
 13547 | D:11     | Reached skill level 15 in Slings
 13930 | D:11     | Noticed Maurice
 13940 | D:11     | Received a gift from Okawaru
 13951 | D:11     | Killed Maurice
 14188 | Lair:1   | Entered Level 1 of the Lair of Beasts
 14192 | Lair:1   | Reached XP level 12. HP: 83/83 MP: 14/14
 15064 | Lair:2   | Noticed a five-headed hydra
 15085 | Lair:2   | Killed a five-headed hydra
 15085 | Lair:2   | Reached ***** piety under Okawaru
 15328 | Lair:2   | Reached skill level 5 in Shields
 15705 | Lair:2   | Found a staircase to the Swamp.
 15732 | Lair:2   | Reached skill level 10 in Armour
 15748 | Lair:2   | Received a gift from Okawaru
 16328 | Lair:3   | Reached skill level 5 in Invocations
 16510 | Lair:3   | Received a gift from Okawaru
 16524 | Lair:3   | Reached XP level 13. HP: 90/90 MP: 16/16
 16585 | Lair:3   | Found a staircase to the Snake Pit.
 16790 | Lair:3   | Reached skill level 16 in Slings
 17100 | Lair:3   | Noticed an eight-headed hydra
 17107 | Lair:3   | Killed an eight-headed hydra
 17682 | Lair:4   | Noticed Josephine
 17710 | Lair:4   | Killed Josephine
 17710 | Lair:4   | Received a gift from Okawaru
 18045 | Lair:4   | Received a gift from Okawaru
 18054 | Lair:4   | Reached skill level 10 in Fighting
 18369 | Lair:4   | Received a gift from Okawaru
 18636 | Lair:4   | Received a gift from Okawaru
 18658 | Lair:4   | Reached ****** piety under Okawaru
 19009 | Lair:5   | Noticed Sonja
 19021 | Lair:5   | Killed Sonja
 19024 | Lair:5   | Received a gift from Okawaru
 19055 | Lair:5   | Noticed a boulder beetle
 19081 | Lair:5   | Killed a boulder beetle
 19268 | Lair:5   | Found a transporter.
 19268 | Lair:5   | Found a transporter.
 19270 | Lair:5   | Noticed Thalamas's ghost (journeyman MiBe)
 19423 | Lair:5   | Reached XP level 14. HP: 99/99 MP: 19/19
 19531 | Lair:5   | Reached skill level 1 in Evocations
 20076 | Lair:6   | Entered Level 6 of the Lair of Beasts
 20376 | Lair:6   | Reached skill level 10 in Dodging
 20482 | Lair:6   | Reached skill level 17 in Slings
 20720 | Lair:6   | Received a gift from Okawaru
 20937 | Lair:6   | Received a gift from Okawaru
 21737 | Lair:6   | Found a staircase to the Slime Pits.
 23034 | Lair:6   | Reached XP level 15. HP: 89/107 MP: 19/21
 23376 | Orc:1    | Entered Level 1 of the Orcish Mines
 23515 | Orc:1    | Found Seyduxiu's Antique Armour Emporium.
 23539 | Orc:1    | Bought a warped scale mail for 243 gold pieces
 23539 | Orc:1    | Bought a pair of gloves for 121 gold pieces
 23544 | Orc:1    | Identified the cursed +1 scale mail of Pum Kishu {rElec MR+
                  | Str+3 Int+3} (You bought it in a shop on level 1 of the
                  | Orcish Mines)
 23593 | Orc:1    | Received a gift from Okawaru
 23841 | Orc:2    | Entered Level 2 of the Orcish Mines
 23987 | Orc:1    | Found a roughly hewn altar of Beogh.
 24387 | Orc:2    | Found a staircase to the Elven Halls.
 24554 | Orc:2    | Paralysed by an orc sorcerer for 2 turns
 24933 | Orc:2    | Reached skill level 18 in Slings
 25146 | Orc:2    | Found Ynen Sea's Assorted Antiques.
 25146 | Orc:2    | Found Ustamm's Gadget Shop.
 25148 | Orc:2    | Found Susam's Weapon Shoppe.
 25148 | Orc:2    | Found Wuuwiex's Magic Scroll Shoppe.
 25160 | Orc:2    | Bought a scroll of teleportation for 36 gold pieces
 25160 | Orc:2    | Bought 2 scrolls of identify for 48 gold pieces
 25160 | Orc:2    | Bought a scroll of enchant armour for 90 gold pieces
 25160 | Orc:2    | Bought a scroll of teleportation for 36 gold pieces
 26109 | D:12     | Found Utadet's Book Shoppe.
 26282 | D:12     | Found a frozen archway.
 26299 | IceCv    | Entered an ice cave
 26866 | IceCv    | Received a gift from Okawaru
 27702 | D:12     | Got a steaming chain mail
 27703 | D:12     | Identified the +1 chain mail "Cenasyuj" {*Drain rElec rF++
                  | Regen+} (You found it on level 12 of the Dungeon)
 28388 | D:13     | Found a gate to the Vaults.
 28514 | D:13     | Found a flagged portal.
 28524 | D:13     | Reached XP level 16. HP: 111/114 MP: 23/23
 29074 | D:14     | Noticed Azrael
 29088 | D:13     | Killed Azrael
 29235 | D:13     | Reached skill level 10 in Invocations
 29823 | D:14     | Received a gift from Okawaru
 29959 | D:14     | Received a gift from Okawaru
 30526 | D:14     | Received a gift from Okawaru
 30616 | D:14     | Identified Roxanne's Incunabulum of Transmutation
 30616 | D:14     | Noticed Roxanne
 30629 | D:14     | Killed Roxanne
 30708 | D:14     | Found a blossoming altar of Fedhas.
 31027 | D:15     | Entered Level 15 of the Dungeon
 31027 | D:15     | Found a sacrificial altar of Ru.
 31048 | D:15     | Reached skill level 19 in Slings
 31158 | D:15     | Received a gift from Okawaru
 31360 | D:15     | Found Ahaehiss's Antique Armour Boutique.
 31365 | D:15     | Bought a robe for 16 gold pieces
 31365 | D:15     | Bought a pair of runed boots for 180 gold pieces
 31536 | D:15     | Found a sacrificial altar of Ru.
 32017 | D:15     | Found the +8 frozen axe "Frostbite" {freezing cloud, *Noise
                  | +Fly rC+}
 32127 | D:15     | Found a staircase to the Depths.
 32416 | Swamp:1  | Entered Level 1 of the Swamp
 32604 | Swamp:1  | Noticed a thorn hunter
 32620 | Swamp:1  | Killed a thorn hunter
 32920 | Swamp:1  | Reached skill level 10 in Shields
 33342 | Swamp:2  | Reached XP level 17. HP: 118/121 MP: 25/25
 33580 | Swamp:2  | Received a gift from Okawaru
 34623 | Swamp:3  | Noticed a thorn hunter
 34631 | Swamp:3  | Noticed Jorgrun
 34633 | Swamp:3  | Killed a thorn hunter
 34633 | Swamp:3  | Received a gift from Okawaru
 34634 | Swamp:3  | Reached skill level 20 in Slings
 34640 | Swamp:3  | Killed Jorgrun
 35658 | Swamp:4  | Entered Level 4 of the Swamp
 36343 | Swamp:4  | Received a gift from Okawaru
 36469 | Swamp:4  | Got a decaying rune of Zot
 36531 | Swamp:4  | Reached XP level 18. HP: 130/130 MP: 27/27
 36532 | Swamp:4  | Received a gift from Okawaru
 37328 | Snake:1  | Entered Level 1 of the Snake Pit
 37392 | Snake:1  | Found Huysamm's Gadget Shop.
 37392 | Snake:1  | Found Lafoxo's Jewellery Emporium.
 37393 | Snake:1  | Found Zuun's Jewellery Emporium.
 37458 | Snake:1  | Received a gift from Okawaru
 37521 | Snake:1  | Reached skill level 21 in Slings
 39284 | Snake:2  | Identified Sif Muna's Catalogue of Unstable Flames
 39625 | Snake:2  | Identified a scroll of acquirement
 39625 | Snake:2  | Acquired the ring of Voitt {MR+ Str+3 Int+2}
 39666 | Snake:3  | Noticed Vashnia
 39698 | Snake:2  | Killed Vashnia
 39698 | Snake:2  | Received a gift from Okawaru
 39766 | Snake:3  | Received a gift from Okawaru
 39937 | Snake:3  | Reached XP level 19. HP: 116/137 MP: 26/28
 39942 | Snake:3  | Received a gift from Okawaru
 40225 | Snake:3  | Got a flickering granite ring
 40647 | Snake:3  | Received a gift from Okawaru
 40648 | Snake:3  | Reached skill level 22 in Slings
 40869 | Snake:4  | Entered Level 4 of the Snake Pit
 40997 | Snake:4  | Received a gift from Okawaru
 42080 | Snake:4  | Reached skill level 15 in Fighting
 42632 | Snake:4  | Received a gift from Okawaru
 43550 | Snake:4  | Got a serpentine rune of Zot
 43783 | Snake:4  | Identified the ring of Vussois {+Fly rPois Dex+3} (You
                  | found it on level 3 of the Snake Pit)
 44047 | Elf:1    | Entered Level 1 of the Elven Halls
 44104 | Elf:1    | Reached XP level 20. HP: 145/145 MP: 30/30
 44172 | Elf:1    | Found Zyfaqi Tij's Book Shop.
 44218 | Elf:1    | Received a gift from Okawaru
 44644 | Elf:1    | You fall into a shaft and drop 1 floor!
 44670 | Elf:2    | Reached skill level 23 in Slings
 45080 | Elf:2    | Found a runed translucent gate.
 45080 | Elf:2    | Found a runed translucent gate.
 45080 | Elf:2    | Found a runed translucent gate.
 45143 | Elf:2    | Received a gift from Okawaru
 46224 | Elf:1    | Found Ovodona's Antique Armour Emporium.
 46224 | Elf:1    | Found Usmis's Book Shoppe.
 46239 | Elf:1    | Bought a shimmering chain mail for 256 gold pieces
 46249 | Elf:1    | Identified the +5 chain mail of the Monk {Str+3} (You
                  | bought it in a shop on level 1 of the Elven Halls)
 46325 | Elf:1    | Received a gift from Okawaru
 47248 | Elf:2    | Received a gift from Okawaru
 47310 | Elf:3    | Entered Level 3 of the Elven Halls
 47342 | Elf:3    | Reached XP level 21. HP: 143/153 MP: 30/32
 47868 | Elf:3    | Reached skill level 15 in Invocations
 47913 | Elf:3    | Received a gift from Okawaru
 48838 | Elf:3    | Reached skill level 24 in Slings
 49207 | Elf:3    | Identified the +7 battleaxe of the Modern Stars {elec,
                  | *Contam MR+ SInv}
 49324 | Elf:3    | Identified the +3 morningstar "Xeutyrek" {flame, Str+4}
 49324 | Elf:3    | Identified the ring of the Saviour {rElec rN+ AC+4}
 49338 | Elf:3    | Received a gift from Okawaru
 49344 | Elf:3    | Identified the ring of Paranoia {Ice MR+ Str+4 Dex-3}
 49347 | Elf:3    | Identified the +8 battleaxe "Himiqeam" {venom, Dex+3}
 49934 | Elf:3    | Identified the amulet of Knowledge {Acrobat Str+3 Int-3
                  | SInv}
 50154 | Elf:3    | Identified the Papyrus of Combat Magic
 50617 | Elf:3    | Got a jewelled helmet
 50618 | Elf:3    | Identified the +1 helmet "Ymoxof Nadgh" {rC+} (You found it
                  | on level 3 of the Elven Halls)
 51022 | Vaults:1 | Entered Level 1 of the Vaults
 51529 | Vaults:1 | Received a gift from Okawaru
 52132 | Vaults:1 | Reached XP level 22. HP: 162/162 MP: 33/33
 52549 | D:15     | Bought gold dragon scales for 1920 gold pieces
 54509 | Vaults:2 | Received a gift from Okawaru
 55097 | Vaults:3 | Reached skill level 25 in Slings
 55329 | Vaults:3 | Found a transporter.
 55348 | Vaults:3 | Found a transporter.
 55424 | Vaults:3 | Received a gift from Okawaru
 55564 | Vaults:3 | Got a pair of transparent gloves
 55565 | Vaults:3 | Identified the +0 pair of gloves of Vygughag {Int+6} (You
                  | found it on level 3 of the Vaults)
 55627 | Vaults:3 | Received a gift from Okawaru
 55665 | Vaults:3 | Received a gift from Okawaru
 55996 | Vaults:3 | Reached XP level 23. HP: 158/169 MP: 35/35
 56403 | Vaults:3 | Found a staircase to the Crypt.
 56403 | Vaults:3 | Found an ancient bone altar of Kikubaaqudgha.
 56403 | Vaults:3 | Found a basalt altar of Yredelemnul.
 58615 | Vaults:4 | Reached skill level 15 in Shields
 59143 | Vaults:4 | Received a gift from Okawaru
 59161 | Vaults:4 | Identified a +1 pair of boots of running (Okawaru gifted it
                  | to you on level 4 of the Vaults)
 59286 | Vaults:4 | Reached skill level 15 in Armour
 59866 | Vaults:4 | Reached skill level 26 in Slings
 60570 | Depths:1 | Entered Level 1 of the Depths
 60576 | Depths:1 | Noticed Asterion
 60610 | D:15     | Killed Asterion
 60993 | Depths:1 | Reached XP level 24. HP: 146/178 MP: 35/35
 61119 | Depths:1 | Found a gateway to Hell.
 61269 | Depths:1 | Found a gateway to a ziggurat.
 61483 | Depths:1 | Received a gift from Okawaru
 62023 | Depths:1 | Received a gift from Okawaru
 62390 | Depths:1 | Got a brightly glowing plate armour
 62391 | Depths:1 | Identified the cursed +0 plate armour of Mirth {Slay+5}
                  | (You found it on level 1 of the Depths)
 62657 | Depths:2 | Received a gift from Okawaru
 62984 | Depths:2 | Found a transporter.
 63024 | Depths:2 | Found a transporter.
 63533 | Depths:3 | Noticed a juggernaut
 63543 | Depths:3 | Killed a juggernaut
 63543 | Depths:3 | Received a gift from Okawaru
 63808 | Depths:3 | Found a one-way gate leading to the halls of Pandemonium.
 64445 | Depths:3 | Paralysed by a floating eye for 2 turns
 64603 | Depths:4 | Found a one-way gate to the infinite horrors of the Abyss.
 64649 | Depths:4 | Reached XP level 25. HP: 166/185 MP: 30/35
 65145 | Depths:4 | Found a large runed translucent door.
 65147 | Depths:4 | Found a large runed translucent door.
 65426 | Depths:4 | Received a gift from Okawaru
 65735 | Depths:4 | Received a gift from Okawaru
 65818 | Depths:4 | Noticed Boris
 65828 | Depths:4 | Killed Boris
 65893 | Depths:4 | Noticed Xtahua
 65900 | Depths:4 | Killed Xtahua
 66123 | Depths:4 | Reached skill level 27 in Slings
 66587 | Depths:4 | Received a gift from Okawaru
 66649 | Depths:4 | Reached skill level 15 in Dodging
 67250 | Depths:5 | Entered Level 5 of the Depths
 67593 | Depths:5 | Received a gift from Okawaru
 67766 | Depths:5 | Reached XP level 26. HP: 167/193 MP: 35/35
 68130 | Depths:5 | Received a gift from Okawaru
 68131 | Depths:5 | Reached skill level 5 in Evocations
 68810 | Depths:5 | Found a gate to the Realm of Zot.
 68946 | Depths:5 | Received a gift from Okawaru
 69674 | Depths:4 | Voluntarily entered the Abyss.
 69846 | Abyss:1  | Found a corrupted altar of Lugonu.
 70555 | Abyss:1  | Received a gift from Okawaru
 70976 | Abyss:1  | Paralysed by accursed screaming for 2 turns
 70991 | Abyss:1  | Paralysed by accursed screaming for 1 turns
 70993 | Abyss:1  | HP: 7/156 [starcursed mass/accursed screaming (15)]
 70994 | Abyss:1  | Killed from afar by a starcursed mass

Illustrated notes

Levels and vault maps discovered:
D:1:      psy_arrival_whirlpool, layout_rooms
D:2:      cheibrodos_pilgrimage, layout_basic, uniq_sigmund
D:3:      layout_rooms
D:4:      layout_rooms, minmay_temple_entry_glass, gammafunk_ghost_grave
D:5:      layout_basic, overflow_temple_1_default, enter_ossuary_2,
          serial_bayou_crossing
D:6:      layout_cave_pods, nicolae_ru_the_path_less_chosen,
          grunt_temple_overflow_open
D:7:      minmay_the_grid_plus [minmay_the_grid_spin_star,
          minmay_the_grid_rooms, minmay_the_grid_box_x, minmay_the_grid_fan,
          minmay_the_grid_prize_inner_circle], layout_loops_cross,
          grunt_dithmenos_shadows, nicolae_ashenzari_panopticon
D:8:      layout_cave_pools, grunt_temple_overflow_gold_and_silver,
          kennysheep_ying_yang, lemuel_crystal_altar, overflow_temple_1_default,
          okawaru_trees_2, serial_shops, nicolae_shop_statue_plus,
          minmay_misc_feat_enclosed
D:9:      layout_basic, nicolae_overflow_hidden_temple, lair_entry_dummy,
          david_orc_5, serial_shops, shop_fountains, lemuel_flamethrower_hall
D:10:     layout_layer_cave
D:11:     layout_gridville, basic_altar, kennysheep_doodads,
          minmay_statues_item, uniq_harold, uniq_maurice, uniq_snorg
D:12:     layout_small_grid, serial_shops, shop, portal_ice_cave_rime,
          grunt_decor_fettered
D:13:     layout_basic, ximxim_vaults_locker_room, serial_rivers,
          chequers_serial_rivers_marsh, chequers_serial_rivers_small_3,
          chequers_serial_rivers_micro_d, chequers_serial_rivers_room_a,
          chequers_serial_rivers_micro_e, enter_bailey_3
D:14:     minmay_ambush_box, layout_irregular_city, fedhas_altar_3, uniq_azrael,
          uniq_roxanne
D:15:     grunt_enter_depths_hoard, layout_loops_ring,
          chequers_serial_rivers_small_3, serial_shops, shop,
          skrybe_limestone_x, minmay_misc_feat_four_crosses,
          hangedman_feature_mirror
Temple:   corrupted_temple
Lair:1:   layout_chaotic_city, grunt_megastairs_1
Lair:2:   layout_layer_cave, minmay_swamp_entry_reptiles, beast_lair_carwin_4
Lair:3:   layout_small_grid, minmay_snake_entry_six_corridors
Lair:4:   layout_roguey, infiniplex_staircase_pool, uniq_josephine
Lair:5:   layout_loops_ring, gammafunk_ghost_hive, serial_bayou_shore_a,
          lemuel_fruit_tree, uniq_sonja
Lair:6:   evilmike_catoblepas_cave, layout_misc_corridors,
          dpeg_slime_entry_corner, grunt_forest_large_clearing_hut
Swamp:1:  layout_falls_marsh, hangedman_swamp_lotus, swamp_pool1
Swamp:2:  layout_basic_swamp, hangedman_swamp_ruin_hall
Swamp:3:  layout_falls_marsh, evilmike_swamp_ruin_house_4, uniq_jorgrun
Swamp:4:  swamp_basic_johnstein, layout_basic_swamp, swamp_pool2,
          hangedman_swamp_diagram
Snake:1:  layout_onion, drop_trap, nicolae_snake_linked_coils,
          nrook_guardian_serpent_ordinary, grunt_megastairs_2, minmay_shop_grove
Snake:2:  layout_misc_corridors, minmay_snake_pond
Snake:3:  layout_rooms, nicolae_snake_salamander_stairs, uniq_vashnia
Snake:4:  grunt_snake_rune_pools, layout_misc_corridors
Orc:1:    layout_caves, serial_shops, nicolae_shop_stone, basic_altar
Orc:2:    st_orc_elflike, layout_caves, mines5_lemuel
Elf:1:    eino_elf_arrival_shootout, layout_gridlike, serial_shops,
          nicolae_shop_waterfront, infiniplex_enter_wizlab_glasses,
          minivault_28, minmay_shoptagon
Elf:2:    layout_geoelf_octagon
Elf:3:    nooodl_elf_gasket, layout_geoelf_diagonals
Vaults:1: vaults_standard_mumra_x, nicolae_vaults_fighting_squares,
          ontoclasm_vaults_tryst, vaults_dpeg_spiral, layout_vaults_omnigrid
Vaults:2: hangedman_vaults_corner_blocks, nicolae_vaults_shelves_hall,
          grunt_vaults_funnel, nicolae_vaults_network_star,
          ontoclasm_vaults_eye, nicolae_vaults_sealed_display,
          vaults_room_hallway, nicolae_vaults_rhombus_6, vaults_room_semicircle,
          nicolae_vaults_hallways_thing, vaults_room_door_ring,
          layout_vaults_omnicross
Vaults:3: nicolae_vaults_network_barrier, minmay_crypt_entry_necro_gods,
          hangedman_vaults_hat, gammafunk_the_bubble
          [the_bubble_gammafunk_plus_minus], ontoclasm_vaults_twist,
          hangedman_vaults_nails, v_misc_4, nicolae_vaults_network_s, v_misc_29,
          vaults_room_semicircle, vaults_dpeg_encased_lava, vaults_dpeg_cross,
          layout_vaults_omnibox
Vaults:4: v_misc_13, v_rooms_5, nicolae_vaults_triangles, vaults_mumra_chevron,
          ontoclasm_vaults_ring_small, v_pattern_1, ontoclasm_vaults_fault,
          vaults_room_fours, vaults_mumra_hexcomb,
          nicolae_vaults_ring_of_whatevers, dpeg_vaults_monster_box,
          layout_vaults_chaotic_city
Depths:1: layout_gridlike, enter_ziggurat_c, minmay_crystal_room, hell_entry,
          kennysheep_decorative_pillar, hangedman_glass_teeth,
          minmay_shattered_shrine, uniq_asterion
Depths:2: gammafunk_its_a_trap, layout_basic, minmay_misc_feat_tiny, hell_entry,
          chequers_serial_rivers_micro_c, infiniplex_staircase_split_hallway,
          serial_bayou_shore_b, firewood_loft
Depths:3: wad_arrow_thing, layout_cave_pools, hangedman_geh_valley,
          corexii_corridor_pit, pan_entry
Depths:4: lightli_eight_chambers, layout_gridlike, hell_entry, abyss_entry,
          serial_sigils_hangedman_stare, eino_curves_04, uniq_boris, uniq_xtahua
Depths:5: grunt_zot_entry_gee_three, layout_gridlike, abyss_entry, hell_entry,
          hangedman_abyss_or_decor_passed, grunt_pan_entry_spiral
Abyss:1:  base: Depths:3, minivault_20

Skill      XL: |  1  2  3  4  5  6  7  8  9 10 11 12 13 14 15 16 17 18 19 20 21 22 23 24 25 26 |
---------------+-------------------------------------------------------------------------------+-----
Slings         | 6 7 8 9 10 11 13 14 15 16 17 18 19 20 21 22 23 24 25 26 27 | 27.0
Fighting       | 2 3 4 5 7 8 9 10 11 12 13 14 15 16 17 18 19 | 19.8
Armour         | 1 2 3 4 6 7 8 10 12 13 14 15 16 17 | 17.3
Dodging        | 3 4 6 7 8 9 10 11 12 13 14 15 | 15.7
Shields        | 1 3 5 7 8 9 10 11 12 13 14 15 16 17 18 | 18.4
Invocations    | 3 5 7 8 9 11 12 13 14 15 16 17 | 17.0
Stealth        | 2 3 |  3.9
Evocations     | 1 4 6 |  6.4

Action                   |  1- 3 |  4- 6 |  7- 9 | 10-12 | 13-15 | 16-18 | 19-21 | 22-24 | 25-27 || total
-------------------------+-------+-------+-------+-------+-------+-------+-------+-------+-------++-------
Melee: Unarmed           |       |       |       |     7 |       |       |       |       |       ||     7
       Fustibalus        |       |       |       |       |     2 |       |     4 |       |       ||     6
 Fire: Hunting sling     |    66 |   229 |   733 |  1052 |    10 |       |       |       |       ||  2090
       Fustibalus        |       |       |       |       |  1566 |  1466 |  1760 |  2192 |  1207 ||  8191
Invok: Heroism           |       |       |       |     7 |     5 |     6 |     5 |     5 |     1 ||    29
       Finesse           |       |       |       |       |     1 |     2 |     4 |     3 |     2 ||    12
Evoke: Wand              |       |       |       |     7 |     5 |     3 |       |       |       ||    15
       Lightning rod     |       |       |       |       |       |       |       |       |     4 ||     4
       Condenser vane    |       |       |       |       |       |       |       |       |     1 ||     1
  Use: Scroll            |       |     1 |    16 |    10 |    15 |     8 |    13 |    11 |     3 ||    77
       Potion            |       |     1 |       |       |     1 |     1 |     8 |       |     7 ||    18
Armor: Leather armour    |     5 |       |       |       |       |       |       |       |       ||     5
       Chain mail        |       |    67 |   123 |   124 |   151 |       |       |       |       ||   465
       Scale mail        |       |       |       |       |    57 |   165 |   142 |     3 |       ||   367
       Gold dragon scale |       |       |       |       |       |       |       |   339 |   236 ||   575
Dodge: Dodged            |    10 |    55 |   135 |   247 |   395 |   516 |   423 |   422 |   324 ||  2527
       Repelled          |       |       |       |       |     8 |    18 |    26 |     8 |       ||    60
Block: Buckler           |       |       |       |    98 |   185 |   178 |       |       |       ||   461
       Kite shield       |       |       |       |       |       |   147 |   480 |   678 |   428 ||  1733
       Reflection        |       |       |       |       |       |       |       |       |    12 ||    12

Table legend: (Time is in decaauts)
 A = Elapsed time spent in this place.
 B = Non-inter-level travel time spent in this place.
 C = Inter-level travel time spent in this place.
 D = Time resting spent in this place.
 E = Time spent auto-exploring this place.
 F = Levels seen in this place.
 G = Mean time per level.
                   A        B        C        D        E       F      G
               +--------+--------+--------+--------+--------+-----+--------+
         Total |  67739 |  63298 |   4441 |   5249 |  45904 |  47 | 1441.3 |
       Dungeon |  19364 |  17181 |   2183 |   1182 |  12971 |  15 | 1290.9 |
        Temple |    174 |    162 |     12 |      0 |    161 |   1 |  174.0 |
          Lair |   8908 |   8311 |    597 |    323 |   6638 |   6 | 1484.7 |
         Swamp |   4946 |   4756 |    190 |    599 |   3465 |   4 | 1236.5 |
     Snake Pit |   6305 |   6037 |    268 |    972 |   3847 |   4 | 1576.2 |
  Orcish Mines |   2553 |   2287 |    266 |    305 |   1477 |   2 | 1276.5 |
   Elven Halls |   6390 |   6138 |    252 |    870 |   3934 |   3 | 2130.0 |
        Vaults |   8520 |   8218 |    302 |    188 |   6406 |   4 | 2130.0 |
        Depths |   7982 |   7613 |    369 |    334 |   5747 |   5 | 1596.4 |
         Abyss |   1151 |   1151 |      0 |      0 |    670 |   1 | 1151.0 |
       Ossuary |    577 |    577 |      0 |    242 |    176 |   1 |  577.0 |
      Ice Cave |    865 |    865 |      0 |    233 |    409 |   1 |  865.0 |
               +--------+--------+--------+--------+--------+-----+--------+

Top non-repeatable levels by time:
   Elf:3: 2985 daAuts
Vaults:4: 2577 daAuts
  Lair:6: 2514 daAuts
Depths:4: 2486 daAuts
Vaults:3: 2366 daAuts
Depths:5: 2183 daAuts
 Snake:4: 2083 daAuts
   Elf:2: 2013 daAuts
     D:7: 1917 daAuts
    D:13: 1876 daAuts
 Snake:3: 1829 daAuts
Vaults:1: 1823 daAuts
Vaults:2: 1754 daAuts
 Swamp:2: 1683 daAuts
     D:9: 1623 daAuts
